 Dungeon Crawl Stone Soup version 0.28-a0-297-g99b01970c5 (webtiles) character file.

Game seed: 4163986007068196571

26 Gargoyl the Skirmisher (level 3, -1/35 HPs)
             Began as a Gnoll Abyssal Knight on Aug 29, 2021.
             Was a Follower of Lugonu.
             Slain by Terence (5 damage)
             ... on level 1 of the Dungeon.
             The game lasted 00:01:27 (897 turns).

Gargoyl the Skirmisher (Gnoll Abyssal Knight)        Turns: 897, Time: 00:01:28

Health: -1/35      AC:  6    Str: 12    XL:     3   Next: 8%
Magic:  6/6        EV: 11    Int: 11    God:    Lugonu [*.....]
Gold:   1155       SH:  0    Dex: 11    Spells: 3/3 levels left

rFire   . . .      SeeInvis .   a - +1 hand axe
rCold   . . .      Faith    .   (no shield)
rNeg    . . .      Spirit   .   j - +0 ring mail
rPois   +          Reflect  .   (no helmet)
rElec   .          Harm     .   (no cloak)
rCorr   .          Rampage  .   (no gloves)
Will    .....                   (no boots)
Stlth   +.........              (no amulet)
HPRegen 0.11/turn               c - ring of poison resistance
MPRegen 0.10/turn               (no ring)

@: no status effects
A: fangs 1, strong nose, distributed training
a: Renounce Religion, Depart the Abyss


You were on level 1 of the Dungeon.
You worshipped Lugonu.
Lugonu was aware of your devotion.
You visited 1 branch of the dungeon, and saw 2 of its levels.
You visited the Abyss 1 time.

You collected 1155 gold pieces.

Inventory:

Hand Weapons
 a - a +1 hand axe (weapon)
Armour
 j - a +0 ring mail (worn)
Jewellery
 c - a ring of poison resistance (left hand)
Scrolls
 d - a scroll of torment {unknown}
 e - a scroll of summoning {unknown}
 f - a scroll of blinking {unknown}
 h - a scroll of identify {unknown}
 i - a scroll of noise {unknown}


   Skills:
 + Level 6.5 Fighting
 + Level 0.6 Short Blades
 + Level 0.6 Long Blades
 + Level 4.5 Axes
 + Level 0.6 Maces & Flails
 + Level 0.6 Polearms
 + Level 0.6 Staves
 + Level 0.6 Slings
 + Level 0.6 Bows
 + Level 0.6 Crossbows
 + Level 0.6 Throwing
 + Level 4.5 Armour
 + Level 2.5 Dodging
 + Level 0.6 Stealth
 + Level 0.6 Shields
 + Level 0.6 Unarmed Combat
 + Level 0.6 Spellcasting
 + Level 0.4 Conjurations
 + Level 0.4 Hexes
 + Level 0.4 Summonings
 + Level 0.4 Necromancy
 + Level 0.4 Translocations
 + Level 0.4 Transmutations
 + Level 0.4 Fire Magic
 + Level 0.4 Ice Magic
 + Level 0.4 Air Magic
 + Level 0.4 Earth Magic
 + Level 0.4 Poison Magic
 + Level 4.5 Invocations
 + Level 0.6 Evocations


You had 3 spell levels left.
You didn't know any spells.
Your spell library contained the following spells:

 Spells                   Type           Power      Damage    Failure   Level
 Call Canine Familiar     Summ           1%         N/A       87%         3
 Portal Projectile        Hex/Tloc       2%         N/A       87%         3
 Leda's Liquefaction      Hex/Erth       0%         N/A       99%         4


Dungeon Overview and Level Annotations

Branches:
Dungeon (2/15)

Altars:

Annotations:
D:1 Terence


Innate Abilities, Weirdness & Mutations

You have very sharp teeth.
Your uncanny sense of smell can sniff out nearby items.
Your experience applies equally to all skills.


Message History

Terence is moderately wounded.
Terence hits you with a +0 flail!
* * * LOW HITPOINT WARNING * * *
You hit Terence but do no damage.
Terence is moderately wounded.
Terence hits you but does no damage.
Unknown command.
There is a stone staircase leading up here.
Terence hits you with a +0 flail.
* * * LOW HITPOINT WARNING * * *
You climb upwards.
There is a stone staircase leading down here.
It was a potion of curing.
You feel better. Terence hits you but does no damage.
It was a potion of flight.
You feel very buoyant.
You fly up into the air.
Terence barely misses you.
It was a potion of cancellation.
Your magical effects are unravelling.
You feel magically purged.
You float gracefully downwards.
Terence hits you with a +0 flail!
* * * LOW HITPOINT WARNING * * *
Unknown command.
Okay, then.
You hit Terence.
Terence is moderately wounded.
Terence misses you.
You hit Terence.
Terence is heavily wounded.
Terence hits you with a +0 flail.
* * * LOW HITPOINT WARNING * * *
Unknown command.
You hit Terence.
Terence is heavily wounded.
Terence closely misses you.
Unknown command.
You closely miss Terence. Your bite misses Terence.
Terence is heavily wounded.
Terence hits you with a +0 flail.
You die...

.#####.###.......#.#..#.## #
.(.....#....####.........########
#[###......÷####.#.#..#..........
#.# #..#.#.#..........#.#########
#.# #..#..###.##...##.#.# #.#
#..#.## ##.#.####.#.# #.#
#.....###....# #.#.# ###
#.###.##.#.#.###.####.#.# #..
.......#.##....@@.......# #.#
###÷#.##.##..###.######## #.# #
#..........###.# #.#
###..............# #.#
.....#.##÷...##### #.#
#.##.##.#.#### #.# #.##.#.##.#
###### #.# #.##.##.#.########
#<.≈P# #.# #.##.....[.......#
#..P♣# #.#


You could see Terence.

Vanquished Creatures
  2 endoplasms (D:1)
  3 giant cockroaches
  4 goblins (D:1)
  2 hobgoblins (D:1)
  3 jackals (D:1)
  2 quokkas (D:1)
  A bat (D:1)
  3 kobolds (D:1)
  4 rats (D:1)
24 creatures vanquished.

Notes
Turn   | Place    | Note
-------+----------+-------------------------------------------
     0 | Abyss:1  | Gargoyl the Gnoll Abyssal Knight began the quest for the
                  | Orb.
     0 | Abyss:1  | Reached XP level 1. HP: 23/23 MP: 3/3
    36 | Abyss:2  | Identified a scroll of acquirement
    36 | Abyss:2  | Acquired 1112 gold pieces
    76 | Abyss:2  | Found a corrupted altar of Lugonu.
    81 | Abyss:2  | Noticed a hell hound
    82 | Abyss:2  | Noticed a hell hound
    83 | D:1      | Escaped the Abyss
   117 | D:1      | Reached * piety under Lugonu
   245 | D:1      | Reached XP level 2. HP: 29/29 MP: 5/5
   635 | D:1      | Reached XP level 3. HP: 28/35 MP: 6/6
   877 | D:2      | Noticed Terence
   897 | D:1      | Slain by Terence

Illustrated notes

Levels and vault maps discovered:
D:1:      tarquinn_simple_flora_water_f, layout_loops_ring,
          minmay_misc_feat_tiny
D:2:      layout_rooms, basic_altar, shapermc_ecumenical_altar_notcrosses,
          interstate_on_off, uniq_terence, uniq_crazy_yiuf_cottage, uniq_natasha

Action                   || total
-------------------------++-------
Melee: Hand axe          ||    75
       Bite              ||     2
Invok: Depart the Abyss  ||     1
  Use: Scroll            ||     1
       Potion            ||     3
Armor: Leather armour    ||     9
       Ring mail         ||    17
Dodge: Dodged            ||    54

Table legend: (Time is in decaauts)
 A = Elapsed time spent in this place.
 B = Non-inter-level travel time spent in this place.
 C = Inter-level travel time spent in this place.
 D = Time resting spent in this place.
 E = Time spent auto-exploring this place.
 F = Levels seen in this place.
 G = Mean time per level.
                   A        B        C        D        E       F      G
               +--------+--------+--------+--------+--------+-----+--------+
         Total |    901 |    868 |     33 |      0 |    619 |   4 |  225.2 |
       Dungeon |    819 |    786 |     33 |      0 |    568 |   2 |  409.5 |
         Abyss |     82 |     82 |      0 |      0 |     51 |   2 |   41.0 |
               +--------+--------+--------+--------+--------+-----+--------+

Top non-repeatable levels by time:
     D:1: 803 daAuts
 Abyss:2: 57 daAuts
 Abyss:1: 25 daAuts
     D:2: 16 daAuts
